 Dungeon Crawl Stone Soup version 0.28-a0-664-gc179e30c89 (webtiles) character file.

Game seed: 9641408341124990780

13524 andesha the Fighter (level 11, -2/107 HPs)
             Began as a Minotaur Berserker on Oct 16, 2021.
             Was a High Priest of Trog.
             Succumbed to a black mamba's poison
             ... on level 1 of the Lair of Beasts.
             The game lasted 00:33:19 (11751 turns).

andesha the Fighter (Minotaur Berserker)           Turns: 11751, Time: 00:33:20

Health: -2/107     AC: 21    Str: 32    XL:     11   Next: 76%
Magic:  10/10      EV: 12    Int: 12    God:    Trog [*****.]
Gold:   345        SH:  5    Dex:  9    Spells: 10/10 levels left

rFire   + . .      SeeInvis +   n - +3 mace (protect)
rCold   + + .      Faith    .   (no shield)
rNeg    + . .      Spirit   .   g - +4 scale mail {rN+}
rPois   .          Reflect  +   (helmet restricted)
rElec   .          Harm     .   m - scarf {rC+ rF+}
rCorr   .          Rampage  .   (no gloves)
Will    .....                   j - +0 pair of boots of Least Resistance {Str+6}
Stlth   ..........              h - amulet of reflection
HPRegen 0.27/turn               t - ring of see invisible
MPRegen 0.12/turn               c - +6 ring of intelligence

@: lethally poisoned (-2 -> -60), under a protective aura, on berserk cooldown,
slowed, very slow
A: horns 2, retaliatory headbutt, clever 1, cold resistance 1
a: Renounce Religion, Berserk, Trog's Hand, Brothers in Arms


You were on level 1 of the Lair of Beasts.
You worshipped Trog.
Trog was extremely pleased with you.
You visited 2 branches of the dungeon, and saw 12 of its levels.

You collected 667 gold pieces.
You spent 322 gold pieces at shops.

Inventory:

Hand Weapons
 n - a +3 mace of protection (weapon)
Armour
 g - a +4 scale mail of positive energy (worn)
 j - the +0 pair of boots of Least Resistance (worn) {Str+6}
   (You bought it in a shop on level 8 of the Dungeon)

   Str:       It affects your strength (+6).
 m - a scarf of resistance (worn)
Jewellery
 a - a ring of positive energy
 c - a +6 ring of intelligence (right hand)
 e - a ring of protection from fire
 h - an amulet of reflection (around neck)
 t - a ring of see invisible (left hand)
Wands
 f - a wand of digging (5)
 k - a wand of paralysis (5)
 l - a wand of flame (17)
Scrolls
 d - a scroll of holy word
 p - a scroll of magic mapping
Potions
 i - 8 potions of curing
 o - a potion of lignification
 q - 2 potions of ambrosia
 v - a potion of mutation


   Skills:
 * Level 13.4 Fighting
 + Level 13.2 Maces & Flails
 + Level 10.4 Armour
 + Level 6.5 Dodging
 + Level 2.0 Stealth
 + Level 5.6 Shields


You had 10 spell levels left.
You didn't know any spells.
Your spell library was empty.

Dungeon Overview and Level Annotations

Branches:
Dungeon (11/15)            Temple (0/1) D:5            Lair (1/6) D:8
    Orc (0/2) D:9

Altars:
Ashenzari
Elyvilon
Hepliaklqana
Kikubaaqudgha
Okawaru
Sif Muna
Wu Jian
Xom
The Shining One
Beogh

Shops:
D:8 [[!=   D:9 *   D:11 [


Innate Abilities, Weirdness & Mutations

You have a pair of horns on your head.
You reflexively headbutt those who attack you in melee.
Your mind is acute. (Int +2)
Your flesh is cold resistant. (rC+)


Message History

You kill the wolf!
Trog accepts your kill. The wolf barely misses you. You furiously retaliate!
You headbutt the wolf! The wolf closely misses you. You furiously retaliate!
You headbutt the wolf!
You kill the wolf!
Trog accepts your kill.
A black mamba comes into view.
Hit: n) +3 mace (protect)
Press: ? - help, Dir - move target, f - you
Okay, then.
The black mamba hisses angrily.
You hear an angry hiss.
The black mamba bites you but does no damage.
You block the black mamba's attack. The black mamba bites you!
You are poisoned.
The black mamba poisons you! The black mamba bites you.
You feel very sick. The black mamba barely misses you.
You are too injured to fight recklessly!
You feel much better.
You feel very sick. The black mamba bites you.
You are more poisoned.
The black mamba poisons you!
The black mamba bites you but does no damage.
The black mamba bites you.
You are more poisoned.
The black mamba poisons you!
You sock the black mamba!
Your weapon exudes an aura of protection.
Your headbutt misses the black mamba.
The black mamba is heavily wounded.
You feel extremely sick. The black mamba bites you!
* * * LOW HITPOINT WARNING * * *
You are more poisoned.
The black mamba poisons you! The black mamba bites you!
* * * LOW HITPOINT WARNING * * *
You closely miss the black mamba.
The black mamba is heavily wounded.
You die...

#.......#
##......##
#.......#
##....### #...###
### #.### #.##
#..# ####..#
##.###.....#
##.......@##
#.......S.#
#.........##
#..........†#
#..........††.#
##..........#.....
#.........######..
#.........#
#P.......##


You could see a black mamba.

Vanquished Creatures
  Harold (D:8)
  2 two-headed ogres
  Urug (Lair:1)
  A manticore (D:8)
  A black mamba (Lair:1)
  A black mamba (shapeshifter) (D:8)
  Joseph (D:8)
  A gargoyle (D:11)
  A cane toad (Lair:1)
  An unseen horror (D:11)
  A komodo dragon (Lair:1)
  2 trolls (D:10)
  A hornet (D:9)
  Grinder (D:5)
  Sigmund (D:6)
  A wraith (D:8)
  10 yaks
  2 wyverns (D:10)
  Eustachio (D:5)
  6 water moccasins
  An acid dragon (D:11)
  2 ice beasts
  2 black bears
  A sky beast (D:8)
  2 orc warriors
  18 wolves (Lair:1)
  An ogre (D:5)
  2 centaurs (D:8)
  A phantom (D:6)
  3 kobold brigands
  Blork the orc (D:4)
  A wyvern zombie (D:8)
  5 bullfrogs (D:8)
  A gnoll sergeant (D:6)
  A scorpion (D:8)
  18 killer bees
  3 wights (D:9)
  3 howler monkeys
  3 centaur zombies
  2 hounds
  A jelly (D:7)
  A gnoll shaman (D:7)
  Crazy Yiuf (D:5)
  A bullfrog skeleton (D:5)
  5 orc priests
  3 iguanas
  4 orc wizards
  A howler monkey zombie (D:10)
  8 adders
  12 gnolls
  A white imp (D:7)
  A worm (D:2)
  A dart slug (D:2)
  12 orcs
  2 ball pythons
  4 bats
  12 endoplasms
  5 giant cockroaches
  7 goblins
  6 hobgoblins
  3 jackals (D:1)
  6 kobolds
  3 quokkas
  6 frilled lizards
  6 rats
220 creatures vanquished.

Vanquished Creatures (others)
  43 fungi
  40 plants
83 creatures vanquished.

Grand Total: 303 creatures vanquished

Notes
Turn   | Place    | Note
-------+----------+-------------------------------------------
     0 | D:1      | andesha the Minotaur Berserker began the quest for the Orb.
     0 | D:1      | Reached XP level 1. HP: 19/19 MP: 0/0
   272 | D:1      | Reached XP level 2. HP: 22/27 MP: 1/1
   654 | D:1      | Reached XP level 3. HP: 32/34 MP: 2/2
   825 | D:2      | Reached ** piety under Trog
  1189 | D:2      | Reached XP level 4. HP: 41/41 MP: 3/3
  1383 | D:2      | Reached skill level 5 in Fighting
  1530 | D:2      | Found a faded altar of an unknown god.
  1925 | D:3      | Noticed an ice beast
  1932 | D:3      | Killed an ice beast
  1933 | D:3      | Reached skill level 5 in Maces & Flails
  1933 | D:3      | Reached skill level 1 in Stealth
  1933 | D:3      | Reached XP level 5. HP: 48/48 MP: 4/4
  2511 | D:4      | Noticed Blork the orc
  2518 | D:4      | Killed Blork the orc
  2519 | D:4      | Reached XP level 6. HP: 57/57 MP: 5/5
  2644 | D:4      | Found a shimmering altar of Xom.
  3117 | D:5      | Entered Level 5 of the Dungeon
  3207 | D:5      | Reached skill level 1 in Shields
  3406 | D:5      | Noticed Eustachio
  3434 | D:5      | Killed Eustachio
  3435 | D:5      | Reached XP level 7. HP: 62/64 MP: 6/6
  3512 | D:5      | Noticed Grinder
  3516 | D:5      | Killed Grinder
  3547 | D:5      | Found a staircase to the Ecumenical Temple.
  4051 | D:5      | Found a runed translucent door.
  4052 | D:5      | Noticed Crazy Yiuf
  4059 | D:5      | Killed Crazy Yiuf
  4060 | D:5      | Reached skill level 5 in Armour
  4086 | D:6      | Reached *** piety under Trog
  4107 | D:6      | Reached XP level 8. HP: 73/73 MP: 7/7
  4383 | D:6      | Found a shimmering blue altar of Sif Muna.
  4439 | D:6      | Noticed Sigmund
  4450 | D:6      | Killed Sigmund
  4746 | D:6      | Found an ancient bone altar of Kikubaaqudgha.
  5166 | D:7      | Gained mutation: Your mind is acute. (Int +2) [potion of
                  | mutation]
  5166 | D:7      | Gained mutation: Your flesh is cold resistant. (rC+)
                  | [potion of mutation]
  6321 | D:8      | Reached XP level 9. HP: 74/82 MP: 8/8
  6425 | D:8      | Found a broken altar of Ashenzari.
  6469 | D:8      | Found a staircase to the Lair.
  6498 | D:8      | Reached skill level 10 in Maces & Flails
  6822 | D:8      | Noticed Harold
  6850 | D:8      | Killed Harold
  6851 | D:8      | Reached skill level 10 in Fighting
  7132 | D:8      | Found Ikeu's Armour Boutique.
  7166 | D:8      | Bought the +0 pair of boots of Least Resistance {Str+6} for
                  | 289 gold pieces
  7176 | D:8      | Found Jucvown's Distillery.
  7217 | D:8      | Found Couligh's Armour Shop.
  7352 | D:8      | Noticed a yaktaur
  7352 | D:8      | Noticed a manticore
  7357 | D:8      | Noticed a black mamba
  7357 | D:8      | a yaktaur changed into a black mamba
  7364 | D:8      | Killed a black mamba
  7365 | D:8      | Reached XP level 10. HP: 79/93 MP: 9/9
  7417 | D:8      | Noticed a two-headed ogre
  7448 | D:8      | Killed a two-headed ogre
  7448 | D:8      | Reached **** piety under Trog
  7697 | D:8      | Reached skill level 5 in Dodging
  7698 | D:8      | Killed a manticore
  7866 | D:8      | Noticed Joseph
  7877 | D:8      | Killed Joseph
  7944 | D:8      | Found Ucly's Jewellery Shoppe.
  8021 | D:8      | Found a white marble altar of Elyvilon.
  8243 | D:9      | Found a glowing golden altar of the Shining One.
  8279 | D:9      | Found an ornate altar of the Wu Jian Council.
  8641 | D:9      | Found Avvyum's General Store.
  8660 | D:9      | Bought a scroll of teleportation for 33 gold pieces
  8745 | D:9      | Found an iron altar of Okawaru.
  9032 | D:9      | Found a staircase to the Orcish Mines.
  9329 | D:10     | Entered Level 10 of the Dungeon
  9329 | D:10     | Noticed a two-headed ogre
  9338 | D:10     | Killed a two-headed ogre
  9339 | D:10     | Reached skill level 5 in Shields
  9526 | D:10     | Reached XP level 11. HP: 101/104 MP: 10/10
 10117 | D:10     | Found a hazy altar of Hepliaklqana.
 10130 | D:10     | Identified the +7 spear of Carupnide {venom, *Noise rN++
                  | Int-4 Dex+9}
 10567 | D:11     | Noticed a two-headed ogre
 10567 | D:11     | Noticed a two-headed ogre
 11021 | D:11     | Found Pierilij's Armour Shop.
 11234 | Lair:1   | Entered Level 1 of the Lair of Beasts
 11234 | Lair:1   | Noticed Urug
 11245 | D:8      | Reached skill level 10 in Armour
 11255 | Lair:1   | Killed Urug
 11727 | Lair:1   | Reached ***** piety under Trog
 11751 | Lair:1   | Succumbed to a black mamba's poison

Illustrated notes

Levels and vault maps discovered:
D:1:      psy_arrival_terrarium, layout_basic, minmay_misc_feat_diagonals,
          minivault_19, minivault_11
D:2:      layout_basic, shapermc_ecumenical_altar_mp_ritualfount,
          minmay_tetromino_o2
D:3:      layout_basic
D:4:      layout_basic, xom_teletrap_fun, uniq_blork_the_orc
D:5:      layout_loops_ring, minmay_temple_entry_statues_pillars,
          nrook_campfire, uniq_crazy_yiuf_cottage, uniq_grinder, uniq_eustachio
D:6:      layout_basic, mainiacjoe_overflow_boulevard, old_standard_altar,
          uniq_sigmund
D:7:      layout_loops_corners, roderic_roman_lattice
D:8:      layout_loops_cross, nicolae_ashenzari_skybound, kennysheep_little_box,
          due_lair_maze_entry_diamond, serial_shops, shop,
          nicolae_lakefront_shop, shop, shop_fountains, minmay_diamond_spiral,
          uniq_harold, uniq_joseph
D:9:      layout_roguey, pdpol_wu_jian_five_deadly_venoms,
          mainiacjoe_overflow_catwalk, nicolae_tso_swordbearing_angel,
          minmay_orc_entry_temple_large, serial_shops, nicolae_shop_statue_plus,
          blue_anna_alchemist
D:10:     layout_roguey, nicolae_hepliaklqana_hazy_memory
D:11:     layout_irregular_city, serial_shops, nicolae_shop_waterfront,
          biasface_ghost_orc_armoury
Lair:1:   layout_cave_pods, grunt_forest_large_clearings, grunt_megastairs_1,
          uniq_urug

Skill      XL: |  1  2  3  4  5  6  7  8  9 10 11 |
---------------+----------------------------------+-----
Fighting       | 4 5 6 7 8 10 11 13 | 13.4
Maces & Flails | 4 5 6 7 9 10 12 13 | 13.2
Stealth        | 1 2 |  2.0
Armour         | 3 4 5 6 8 9 10 | 10.4
Shields        | 1 2 4 5 |  5.6
Dodging        | 4 5 6 |  6.5

Action                   |  1- 3 |  4- 6 |  7- 9 | 10-12 || total
-------------------------+-------+-------+-------+-------++-------
Melee: Mace              |    80 |    97 |   209 |   270 ||   656
       Headbutt          |     9 |    17 |    37 |    72 ||   135
Invok: Berserk           |       |     2 |     4 |     4 ||    10
  Use: Scroll            |     2 |     4 |     9 |     2 ||    17
       Potion            |       |     2 |    10 |     4 ||    16
 Stab: Sleeping          |     1 |     2 |       |       ||     3
Armor: Animal skin       |     8 |     1 |       |       ||     9
       Chain mail        |       |    37 |    72 |       ||   109
       Skin              |       |       |    99 |       ||    99
       Scale mail        |       |       |     1 |   116 ||   117
Dodge: Dodged            |    48 |    40 |    63 |   160 ||   311
Block: Other             |    13 |    10 |    45 |    48 ||   116
       Reflection        |       |       |       |     3 ||     3

Table legend: (Time is in decaauts)
 A = Elapsed time spent in this place.
 B = Non-inter-level travel time spent in this place.
 C = Inter-level travel time spent in this place.
 D = Time resting spent in this place.
 E = Time spent auto-exploring this place.
 F = Levels seen in this place.
 G = Mean time per level.
                   A        B        C        D        E       F      G
               +--------+--------+--------+--------+--------+-----+--------+
         Total |  11795 |  11344 |    451 |   1780 |   7425 |  12 |  982.9 |
       Dungeon |  11329 |  10879 |    450 |   1577 |   7280 |  11 | 1029.9 |
          Lair |    466 |    466 |      0 |    203 |    145 |   1 |  466.0 |
               +--------+--------+--------+--------+--------+-----+--------+

Top non-repeatable levels by time:
     D:8: 1913 daAuts
     D:9: 1335 daAuts
     D:2: 1189 daAuts
     D:7: 1180 daAuts
     D:6: 1082 daAuts
     D:5: 972 daAuts
    D:10: 967 daAuts
     D:1: 726 daAuts
    D:11: 721 daAuts
     D:4: 665 daAuts
     D:3: 574 daAuts
  Lair:1: 466 daAuts
